 Dungeon Crawl Stone Soup version 0.29.1-15-g9cfb28693d (webtiles) character file.

Game seed: 15419345092306422318

229 leafyfresh the Covert (level 6, -2/44 HPs)
             Began as an Octopode Delver on Feb 25, 2023.
             Slain by a hound (5 damage)
             ... on level 5 of the Dungeon.
             The game lasted 00:01:32 (945 turns).

leafyfresh the Covert (Octopode Delver)              Turns: 945, Time: 00:01:33

Health: -2/44      AC:  1    Str: 11    XL:     6   Next: 3%
Magic:  6/6        EV: 14    Int: 14    God:
Gold:   31         SH:  0    Dex: 14    Spells: 5/5 levels left

rFire   . . .      SeeInvis .   g - +3 whip
rCold   . . .      Faith    .   (no shield)
rNeg    . . .      Spirit   .   (helmet restricted)
rPois   .          Reflect  .   (no amulet)
rElec   .          Harm     .   (no ring)
rCorr   .          Rampage  .   (no ring)
Will    .....                   (no ring)
Stlth   +++++.....              (no ring)
HPRegen 0.14/turn               (no ring)
MPRegen 0.10/turn               (no ring)
                                (no ring)
                                (no ring)

@: no status effects
A: almost no armour, amphibious, 8 rings, camouflage 1, gelatinous body 1,
(nimble swimmer 1), tentacles
a: no special abilities


You were on level 5 of the Dungeon.
You visited 1 branch of the dungeon, and saw 1 of its levels.

You collected 31 gold pieces.

Inventory:

Hand Weapons
 a - a +0 short sword
 g - a +3 whip (weapon)
 h - a +1 dagger of electrocution
 i - a +2 vorpal war axe
Jewellery
 k - a ring of ice
Wands
 f - a wand of digging (3)
Scrolls
 c - a scroll of magic mapping
 j - a scroll of teleportation {unknown}
Potions
 e - a potion of haste


   Skills:
 + Level 4.3 Fighting
 - Level 2.4 Short Blades
 + Level 3.7 Dodging
 + Level 8.1 Stealth


You had 5 spell levels left.
You didn't know any spells.
Your spell library contained the following spells:

 Spells                   Type           Power      Damage    Failure   Level
 Summon Forest            Summ/Tloc      0%         N/A       100%        5
 Eringya's Noxious Bog    Tmut/Pois      0%         N/A       100%        6
 Summon Hydra             Summ           0%         N/A       100%        7


Dungeon Overview and Level Annotations

Branches:
Dungeon (5/15)
 Temple: D:4-7

Altars:


Innate Abilities, Weirdness & Mutations

You cannot wear most types of armour.
You are amphibious.
You can wear up to eight rings at the same time.
Your skin changes colour to match your surroundings (Stealth+).
Your rubbery body absorbs attacks. (AC +1, EV +1)
((You are camouflaged when in or above water. (Stealth+)))
You have tentacles for arms and can constrict up to eight enemies at once.


Message History

The hound barely misses you. The hound attacks as you move away!
The hound closely misses you. The hound bites you.
* * * LOW HITPOINT WARNING * * *
You are too confused!
Unknown command.
Unknown command.
Unknown command.
The hound attacks as you move away! The hound barely misses you.
You feel less confused. The hound bites you.
* * * LOW HITPOINT WARNING * * *
The hound attacks as you move away! The hound bites you.
* * * LOW HITPOINT WARNING * * *
The hound attacks as you move away! The hound closely misses you. x2
As you read the scroll of fog, it crumbles to dust.
The scroll dissolves into smoke.
The hound bites you.
* * * LOW HITPOINT WARNING * * *
The orc priest miscasts a cantrip.
Unknown command.
The hound bites you.
* * * LOW HITPOINT WARNING * * *
The hound attacks as you move away! The hound misses you.
The hound pauses to sniff the ground.
The hound bites you.
* * * LOW HITPOINT WARNING * * *
As you read the scroll of fear, it crumbles to dust.
You assume a fearsome visage.
The hound looks frightened!
The orc priest looks frightened!
Unknown command.
Unknown command.
You closely miss the hound.
Your attack snaps the hound out of its fear.
Your grab misses the hound. Your squeeze misses the hound.
The hound is heavily wounded.
The hound barely misses you.
You hit the hound. You grab the hound.
The hound is severely wounded.
You constrict the hound. The hound misses you. The hound bites you.
You die...

#...# #.##.# #.#.####
#...# #.##.# #.#.#
#...# #.##.# #...#
#.##.### #...#
#.##...#
####...########.####.#
#..............[.....#
#.....#########.######
#.....# #@# #.....#
#h# #.....# #.#
#[....# #.# #.....#
#.####### #######
#o....... #.#######
#..### #ยงยง..#


You could see a hound and an orc.

Vanquished Creatures
  A scorpion (D:5)
  A howler monkey (D:5)
  A hound (D:5)
  3 orc wizards (D:5)
  An adder (D:5)
  A white imp (D:5)
  7 orcs (D:5)
  A quokka (D:5)
16 creatures vanquished.

Notes
Turn   | Place    | Note
-------+----------+-------------------------------------------
     0 | D:5      | leafyfresh the Octopode Delver began the quest for the Orb.
     0 | D:5      | Reached XP level 1. HP: 16/16 MP: 1/1
     3 | D:5      | Noticed an orc wizard
     4 | D:5      | Noticed an orc wizard
    21 | D:5      | Killed an orc wizard
    22 | D:5      | Reached XP level 2. HP: 14/21 MP: 2/2
    22 | D:5      | Reached XP level 3. HP: 18/26 MP: 3/3
    31 | D:5      | Reached skill level 7 in Stealth
    34 | D:5      | HP: 1/26 [orc/+2 vorpal war axe (1)]
   319 | D:5      | Reached XP level 4. HP: 30/33 MP: 4/4
   511 | D:5      | Reached XP level 5. HP: 30/37 MP: 5/5
   903 | D:5      | Noticed an ogre
   913 | D:5      | Reached skill level 8 in Stealth
   918 | D:5      | Reached XP level 6. HP: 31/44 MP: 6/6
   931 | D:5      | HP: 2/44 [hound (3)]
   945 | D:5      | Slain by a hound

Illustrated notes

Levels and vault maps discovered:
D:5:      layout_basic

Skill      XL: |  1  2  3  4  5 |
---------------+----------------+-----
Stealth        | 7 8 |  8.1
Dodging        | 3 |  3.7
Fighting       | 4 |  4.3
Short Blades   | |  2.4

Action                   |  1- 3 |  4- 6 || total
-------------------------+-------+-------++-------
Melee: Short sword       |     6 |       ||     6
       Tentacles         |     4 |     8 ||    12
       Constrict         |     4 |     6 ||    10
       Whip              |    13 |    11 ||    24
       Dagger            |       |    18 ||    18
  Use: Scroll            |       |     2 ||     2
 Stab: Sleeping          |       |     4 ||     4
Dodge: Dodged            |     9 |    21 ||    30
